 Dungeon Crawl Stone Soup version 0.19.1-1-g22dce08 (webtiles) character file.

79392 JamesMay the Peltast (level 15, -4/134 HPs)
             Began as a Minotaur Fighter on Dec 28, 2016.
             Was the Champion of Okawaru.
             Slain by Iskender's ghost (13 damage)
             ... on level 1 of the Shoals on Dec 29, 2016.
             The game lasted 04:13:32 (28121 turns).

JamesMay the Peltast (Minotaur Fighter)            Turns: 28121, Time: 04:13:33

Health: -4/134     AC: 36    Str: 30    XL:     15   Next: 20%
Magic:  19/20      EV: 15    Int:  9    God:    Okawaru [******]
Gold:   1371       SH: 18    Dex: 10    Spells: 0 memorised, 14 levels left

rFire  . . .     SeeInvis +     k - +3 morningstar of the Shining Light {crush, Int+2}
rCold  + . .     Gourm    +     j - +4 plate armour {rC+}
rNeg   . . .     Faith    .     c - +1 shield
rPois  +         Spirit   .     w - +2 hat
rElec  .         Reflect  .     h - +0 cloak of Hiclineg {-Tele rPois Regen+}
rCorr  .         Harm     .     D - +2 pair of gloves {Str+3}
MR     +....     Rnd*Rage +     a - +1 pair of boots {Fly}
Stlth  .......... NoTele   +    d - amulet of the gourmand
                                o - +1 ring of evasion
                                u - ring of see invisible

@: heroism, flying, very slightly contaminated, invisible
A: retaliatory headbutt, horns 2, repulsion field 1, iridescent scales 1, molten
scales 1, berserk 1, clever 1, MP-powered wands
a: Heroism, Finesse, Renounce Religion, Stop Flying


You were on level 1 of the Shoals.
You worshipped Okawaru.
Okawaru was exalted by your worship.
You were full.

You visited 5 branches of the dungeon, and saw 23 of its levels.
You also visited: Bailey.

You collected 2357 gold pieces.
You spent 986 gold pieces at shops.

Inventory:

Hand Weapons
 k - the +3 morningstar of the Shining Light (weapon) {crush, Int+2}
   (You found it on level 7 of the Dungeon)

   It inflicts extra damage upon your enemies.
   It affects your intelligence (+2).
 H - a +2 morningstar of protection
 N - the +7 hunting sling "Omol" {flame, MR+ MP-9 Int+2}
   (Okawaru gifted it to you on level 5 of the Lair of Beasts)

   It causes projectiles fired from it to burn those they strike, causing extra
   injury to most foes and up to half again as much damage against particularly
   susceptible opponents.
   It affects your intelligence (+2).
   It affects your resistance to hostile enchantments.
   It affects your magic capacity (-9).
Missiles
 V - 140 sling bullets
 X - 6 tomahawks of returning (quivered)
Armour
 a - a +1 pair of boots of flying (worn)
 c - a +1 shield (worn)
 h - the +0 cloak of Hiclineg (worn) {-Tele rPois Regen+}
   (Okawaru gifted it to you on level 2 of the Lair of Beasts)

   It protects you from poison.
   It prevents most forms of teleportation.
   It increases your rate of regeneration.
 j - a +4 plate armour of cold resistance (worn)
 w - a +2 hat (worn)
 D - a +2 pair of gloves of strength (worn)
 R - a +3 scale mail of fire resistance
Jewellery
 d - an amulet of the gourmand (around neck)
 o - a +1 ring of evasion (right hand)
 r - an uncursed amulet of rage
 u - a ring of see invisible (left hand)
 T - an uncursed ring of protection from cold
Wands
 g - a wand of lightning (2/15)
 i - a wand of disintegration (24/24)
Scrolls
 e - a scroll of silence
 l - 3 scrolls of magic mapping
 y - 4 scrolls of fog
 F - 5 scrolls of teleportation
 O - 4 scrolls of remove curse
 S - a scroll of identify
Potions
 t - 6 potions of curing
 x - 2 potions of flight
 B - a potion of ambrosia
 L - 3 potions of cancellation
 U - 2 potions of might
 Z - 2 potions of haste
Miscellaneous
 n - a lamp of fire
 C - a disc of storms
 Y - a phial of floods
Comestibles
 f - 13 bread rations
 A - 43 fruits
 K - a royal jelly


   Skills:
 + Level 12.9(17.9) Fighting
   Level 4.8(10.4) Short Blades
   Level 3.9(10.2) Long Blades
   Level 5.1(14.9) Axes
 - Level 12.8(18.1) Maces & Flails
 * Level 9.5(14.8) Slings
 + Level 3.4(11.5) Throwing
 + Level 12.0(17.0) Armour
 + Level 4.5(9.5) Dodging
 + Level 1.5(6.5) Stealth
 + Level 16.6(21.6) Shields
 + Level 8.7 Invocations


You had 14 spell levels left.
You didn't know any spells.

Dungeon Overview and Level Annotations

Branches:
Dungeon (13/15)            Temple (1/1) D:5            Lair (6/6) D:9
 Shoals (1/4) Lair:2       Spider (0/4) Lair:4        Slime (0/5) Lair:6
    Orc (2/2) D:9             Elf (0/3) Orc:2
 Vaults: D:13-14

Altars:
Ashenzari
Cheibriados
Dithmenos
Elyvilon
Fedhas
Gozag
Hepliaklqana
Kikubaaqudgha
Makhleb
Nemelex Xobeh
Okawaru
Qazlal
Ru
Sif Muna
Trog
Uskayaw
Vehumet
Xom
Yredelemnul
Zin
The Shining One

Shops:
Orc:2 [[*}

Annotations:
D:9 exclusion: oklob plant
Shoals:1 Iskender's ghost, adept MiWn


Innate Abilities, Weirdness & Mutations

You reflexively headbutt those who attack you in melee.
You have a pair of horns on your head.
You are surrounded by a mild repulsion field. (EV +2)
You are partially covered in iridescent scales. (AC +2)
You are partially covered in molten scales. (AC +2)
You tend to lose your temper in combat.
Your mind is acute. (Int +2)
You expend magic power (3 MP) to strengthen your wands.


Message History

Some shallow water.
Okay, then.
You cannot teleport because you are wearing the +0 cloak of Hiclineg {-Tele rPois Regen+}.
Okay, then.
Press: ? - help, v - describe, . - travel, g - get item 3 poisoned tomahawks.
Some shallow water.
As you read the scroll of fear, it crumbles to dust.
You assume a fearsome visage.
The merfolk resists with some effort.
Iskender's ghost is unaffected.
You block Iskender's ghost's attack. The merfolk closely misses you.
As you read the scroll of summoning, it crumbles to dust.
Wisps of shadow whirl around you... Iskender's ghost hits you!!
* * * LOW HITPOINT WARNING * * *
The merfolk barely misses you. You furiously retaliate!
You headbutt the merfolk!!
Your siren closely misses Iskender's ghost.
Your siren closely misses Iskender's ghost.
Iskender's ghost hits you!
You die...

≈.......# #..≈≈..≈≈≈≈≈≈≈
≈≈......###..≈≈≈≈≈≈≈≈≈≈≈
≈≈......)....≈≈≈≈≈≈≈≈≈≈≈
≈≈....:..###.≈(PPP≈≈≈≈≈≈
......().###.≈(≈≈≈P≈.≈≈≈
.......>)(.(.≈(cPPP≈≈≈≈≈
..........≈c(c≈..P≈≈..≈≈
........≈≈≈≈.mcWmP≈≈..≈≈
........≈≈...###@≈≈≈≈≈≈.
............####...≈≈≈.#
.......≈≈≈..###..P.≈≈≈.#
....[.≈≈≈≈≈....)<≈≈P≈≈..
......≈≈≈≈≈≈....≈PPPPP≈.
....≈≈≈≈≈≈≈≈≈≈≈≈PP≈≈≈≈≈≈
...≈≈≈≈≈≈≈≈≈≈≈≈≈≈P≈≈.#..
...≈≈≈≈≈≈≈≈≈≈≈PP≈≈≈≈##.≈
..≈≈≈≈≈≈≈≈≈≈...≈≈≈P≈.


You could see a merfolk, Iskender's ghost, 4 friendly fauns and a friendly
siren.

Vanquished Creatures
  Gastronok (Lair:2)
  Donald (Lair:2)
  A merfolk avatar (Lair:6)
  5 hydras
  The ghost of HessuHobo the Severer, a journeyman DrBe of Trog (D:11)
  A catoblepas (Lair:6)
  2 centaur warriors
  3 death yaks (Lair:6)
  3 tengu warriors (D:10)
  A merfolk aquamancer (Shoals:1)
  3 orc high priests (Orc:2)
  2 sea snakes (Lair:6)
  An unseen horror (D:12)
  7 orc knights
  A hill giant (D:13)
  7 harpies
  5 orc sorcerers
  2 manticores (Lair:6)
  A cyclops (Orc:1)
  19 elephants
  A siren (Shoals:1)
  5 black mambas
  16 spiny frogs
  2 torpor snails
  10 komodo dragons
  5 rime drakes
  A kobold demonologist (D:13)
  4 merfolk (Shoals:1)
  9 trolls
  3 polar bears (Lair:6)
  A wind drake (Lair:6)
  6 two-headed ogres
  5 slime creatures
  11 dream sheep
  12 hippogriffs
  A snapping turtle (Lair:2)
  A redback (Lair:4)
  A wraith (D:13)
  41 yaks
  Grum (Lair:1)
  3 basilisks
  3 water elementals (Shoals:1)
  2 wyverns (Lair:6)
  4 hungry ghosts
  20 water moccasins
  3 wargs
  7 swamp worms (Lair:5)
  Duvessa (D:6)
  8 porcupines
  6 sky beasts
  A hornet zombie (D:8)
  3 black bears
  27 orc warriors
  An eye of draining (D:11)
  A necrophage (D:11)
  15 ogres
  4 wolves (Lair:1)
  11 centaurs
  16 crocodiles
  6 big kobolds
  13 bullfrogs
  A wyvern zombie (D:10)
  Dowan (D:6)
  A wyvern skeleton (D:11)
  8 wights
  2 killer bees (D:7)
  5 scorpions
  6 howler monkeys
  The ghost of Dolanko the Shooter, a weakling HEHu (D:3)
  An electric eel (Lair:2)
  2 bullfrog zombies
  7 crimson imps
  5 centaur zombies
  16 orc priests
  15 jellies
  2 centaur skeletons
  2 hounds
  24 orc wizards
  Ijyb (D:3)
  5 iguanas
  5 worker ants
  A worker ant zombie (D:11)
  5 gnolls
  17 adders
  2 shadow imps
  7 oozes
  2 adder zombies
  An adder skeleton (D:7)
  13 worms
  3 dart slugs
  11 leopard geckos
  74 orcs
  7 bats
  6 giant cockroaches
  7 goblins
  10 hobgoblins
  7 jackals
  2 quokkas
  3 ball pythons
  7 frilled lizards
  A jackal skeleton (D:4)
  72 kobolds
  A quokka skeleton (D:7)
  2 quokka zombies
  9 rats
738 creatures vanquished.

Vanquished Creatures (collateral kills)
  A polar bear (Lair:1)
  A water moccasin (Lair:1)
2 creatures vanquished.

Vanquished Creatures (others)
  A water elemental (Shoals:1)
  A sky beast (D:11)
  A worker ant zombie (D:11)
  4 fungi
  12 plants
19 creatures vanquished.

Grand Total: 759 creatures vanquished

Notes
Turn   | Place    | Note
-------+----------+-------------------------------------------
     0 | D:1      | JamesMay the Minotaur Fighter began the quest for the Orb.
     0 | D:1      | Reached XP level 1. HP: 19/19 MP: 0/0
     1 | D:1      | Found a runed door.
    11 | D:1      | Reached XP level 2. HP: 27/27 MP: 1/1
    21 | D:1      | Reached skill level 4 in Shields
    39 | D:1      | Reached XP level 3. HP: 30/33 MP: 2/2
  1097 | D:2      | Reached XP level 4. HP: 33/40 MP: 3/3
  1158 | D:2      | Found a snail-covered altar of Cheibriados.
  1313 | D:2      | Found a shattered altar of Ashenzari.
  1715 | D:2      | Reached skill level 1 in Axes
  1721 | D:2      | Found a shimmering altar of Xom.
  2074 | D:3      | Reached skill level 1 in Dodging
  2327 | D:3      | Noticed Dolanko's ghost (weakling HEHu)
  2335 | D:3      | Killed Dolanko's ghost
  2335 | D:3      | Reached XP level 5. HP: 47/47 MP: 4/4
  2381 | D:3      | Noticed Ijyb
  2396 | D:3      | Killed Ijyb
  2396 | D:3      | Reached skill level 5 in Shields
  2589 | D:3      | Reached skill level 5 in Armour
  3068 | D:3      | Reached XP level 6. HP: 53/53 MP: 5/5
  3698 | D:4      | Reached skill level 5 in Fighting
  3705 | D:4      | Reached skill level 6 in Shields
  3911 | D:4      | Reached XP level 7. HP: 57/61 MP: 6/6
  4586 | D:5      | Entered Level 5 of the Dungeon
  4725 | D:5      | Noticed a hippogriff
  4746 | D:5      | Killed a hippogriff
  4746 | D:5      | Reached skill level 1 in Throwing
  4746 | D:5      | Reached skill level 7 in Shields
  5208 | D:5      | Found a hide-covered altar of Uskayaw.
  5211 | D:5      | Noticed a hand axe
  5213 | D:5      | Noticed a hand axe
  5366 | D:5      | Found a staircase to the Ecumenical Temple.
  5391 | Temple   | Entered the Ecumenical Temple
  5531 | Temple   | Became a worshipper of Warmaster Okawaru
  5568 | D:5      | Reached XP level 8. HP: 68/69 MP: 7/7
  6043 | D:6      | Reached skill level 1 in Short Blades
  6074 | D:6      | Reached skill level 8 in Shields
  6316 | D:6      | Found a glowing silver altar of Zin.
  6317 | D:6      | Found an opulent altar of Gozag.
  6508 | D:6      | Found a sparkling altar of Nemelex Xobeh.
  6554 | D:6      | Noticed Duvessa
  6554 | D:6      | Noticed Dowan
  6579 | D:6      | Killed Duvessa
  6589 | D:6      | Killed Dowan
  6820 | D:6      | Reached * piety under Okawaru
  7051 | D:6      | Gained mutation: You expend magic power (3 MP) to strengthen your wands. [potion of mutation]
  7051 | D:6      | Gained mutation: You tend to lose your temper in combat. [potion of mutation]
  7051 | D:6      | Gained mutation: You are partially covered in iridescent scales. (AC +2) [potion of mutation]
  7168 | D:7      | Reached skill level 9 in Shields
  7199 | D:7      | Reached XP level 9. HP: 49/75 MP: 8/8
  7430 | D:7      | Got a steaming morningstar
  7431 | D:7      | Identified the +3 morningstar of the Shining Light {crush, Int+2} (You found it on level 7 of the Dungeon)
  7687 | D:7      | Reached skill level 1 in Maces & Flails
  8791 | D:8      | Reached ** piety under Okawaru
  8955 | D:8      | Reached skill level 10 in Shields
  9607 | D:8      | Found a basalt altar of Yredelemnul.
  9898 | D:8      | Reached *** piety under Okawaru
  9941 | D:8      | Reached XP level 10. HP: 28/84 MP: 9/9
 10677 | D:8      | Gained mutation: You are partially covered in molten scales. (AC +2) [potion of beneficial mutation]
 10749 | D:9      | Reached skill level 5 in Axes
 10749 | D:9      | Reached skill level 1 in Stealth
 10749 | D:9      | Reached skill level 1 in Invocations
 10752 | D:9      | Reached skill level 5 in Maces & Flails
 10754 | D:9      | Reached skill level 11 in Shields
 10939 | D:9      | Found a blossoming altar of Fedhas.
 11039 | D:9      | Reached **** piety under Okawaru
 11049 | D:9      | Found a flagged portal.
 11057 | Bailey   | Entered a bailey
 11217 | Bailey   | Noticed an orc knight
 11228 | Bailey   | Killed an orc knight
 11316 | Bailey   | Found a bloodstained altar of Trog.
 11366 | Bailey   | Got a polished plate armour
 11377 | Bailey   | Identified the cursed +1 plate armour of Paranoia {rElec rC+ Dex+3} (You took it off a kobold in a bailey)
 11611 | D:9      | Found a staircase to the Orcish Mines.
 11937 | D:9      | Found a staircase to the Lair.
 12076 | D:9      | Noticed an oklob plant
 12155 | D:10     | Entered Level 10 of the Dungeon
 12340 | D:10     | Noticed a tengu warrior
 12360 | D:10     | Killed a tengu warrior
 12360 | D:10     | Reached XP level 11. HP: 75/93 MP: 11/13
 12390 | D:10     | Noticed a tengu warrior
 12403 | D:10     | Killed a tengu warrior
 12408 | D:10     | Reached ***** piety under Okawaru
 12984 | D:10     | Noticed a tengu warrior
 12996 | D:10     | Killed a tengu warrior
 12996 | D:10     | Reached skill level 12 in Shields
 13162 | D:11     | Gained mutation: Your mind is acute. (Int +2) [potion of beneficial mutation]
 13163 | D:11     | Gained mutation: You are surrounded by a mild repulsion field. (EV +2) [potion of beneficial mutation]
 13384 | D:11     | Identified a scroll of acquirement
 13471 | D:11     | Noticed HessuHobo's ghost (journeyman DrBe)
 13486 | D:11     | Killed HessuHobo's ghost
 13486 | D:11     | Received a gift from Okawaru
 13487 | D:11     | Got a heavily runed shield {god gift}
 13498 | D:11     | Identified the -1 shield "Metu" {rCorr} (Okawaru gifted it to you on level 11 of the Dungeon)
 13881 | D:12     | Noticed a centaur warrior
 13996 | D:12     | Killed a centaur warrior
 13996 | D:12     | Reached skill level 5 in Invocations
 14053 | D:12     | Noticed an unseen horror
 14065 | D:12     | Killed an unseen horror
 15118 | D:13     | Noticed a hill giant
 15118 | D:13     | a wind drake changed into a hill giant
 15168 | D:13     | Noticed a centaur warrior
 15175 | D:13     | Noticed a hill giant
 15177 | D:13     | Reached skill level 10 in Maces & Flails
 15180 | D:13     | Killed a centaur warrior
 15180 | D:13     | Reached XP level 12. HP: 104/104 MP: 15/15
 15184 | D:13     | Noticed a five-headed hydra
 15331 | D:13     | Killed a five-headed hydra
 15343 | D:13     | Noticed a centaur warrior
 15459 | Lair:1   | Entered Level 1 of the Lair of Beasts
 15595 | Lair:1   | Noticed Grum
 15606 | Lair:1   | Received a gift from Okawaru
 15620 | Lair:1   | Killed Grum
 15620 | Lair:1   | Reached skill level 13 in Shields
 16515 | Lair:2   | Noticed a four-headed hydra
 16526 | Lair:2   | Killed a four-headed hydra
 16526 | Lair:2   | Reached skill level 10 in Armour
 16613 | Lair:2   | Received a gift from Okawaru
 16674 | Lair:2   | Noticed Gastronok
 16689 | Lair:2   | Killed Gastronok
 17244 | Lair:2   | Found a staircase to the Shoals.
 17254 | Lair:2   | Reached skill level 10 in Fighting
 17370 | Lair:2   | Reached XP level 13. HP: 113/113 MP: 17/17
 17792 | Lair:3   | Got a smoking great sword
 17798 | Lair:3   | Identified the +1 great sword "Zusyqas" {venom, *Drain rC+ Str+2 Dex+2} (You found it on level 3 of the Lair of Beasts)
 18985 | Lair:4   | Received a gift from Okawaru
 19140 | Lair:4   | Found a hole to the Spider Nest.
 19947 | Lair:5   | Received a gift from Okawaru
 19951 | Lair:5   | Reached skill level 14 in Shields
 19955 | Lair:5   | Got a fine hunting sling {god gift}
 19959 | Lair:5   | Identified the +7 hunting sling "Omol" {flame, MR+ MP-9 Int+2} (Okawaru gifted it to you on level 5 of the Lair of Beasts)
 20288 | Lair:5   | Reached skill level 1 in Slings
 21348 | Lair:6   | Entered Level 6 of the Lair of Beasts
 21438 | Lair:6   | Received a gift from Okawaru
 21438 | Lair:6   | Reached skill level 5 in Slings
 21891 | Lair:6   | Reached ****** piety under Okawaru
 22049 | Lair:6   | Reached skill level 15 in Shields
 22049 | Lair:6   | Reached XP level 14. HP: 124/124 MP: 15/19
 22059 | Lair:6   | Received a gift from Okawaru
 22521 | Lair:6   | Found a staircase to the Slime Pits.
 23321 | Lair:6   | Got a faintly humming ring mail
 23332 | Lair:6   | Identified the cursed +0 ring mail of Idealism {+Fly rN+ Str-4 Slay+2} (You found it on level 6 of the Lair of Beasts)
 23550 | Lair:6   | Received a gift from Okawaru
 23551 | Lair:6   | Reached skill level 16 in Shields
 24107 | Lair:6   | Upgraded the game from 0.19.1 to 0.19.1-1-g22dce08
 24264 | Orc:1    | Entered Level 1 of the Orcish Mines
 24325 | Orc:2    | Entered Level 2 of the Orcish Mines
 24769 | Orc:1    | Received a gift from Okawaru
 24985 | Orc:2    | Found a staircase to the Elven Halls.
 26042 | Orc:2    | Reached XP level 15. HP: 134/134 MP: 12/20
 26053 | Orc:2    | Received a gift from Okawaru
 26195 | Orc:2    | Found Pawn's Gadget Shop.
 26195 | Orc:2    | Found Keammuigusk's Armour Shop.
 26196 | Orc:2    | Found Nablyqo's General Store.
 26196 | Orc:2    | Found Igunerr's Antique Armour Shoppe.
 26588 | Orc:2    | Bought a potion of cancellation for 112 gold pieces
 26588 | Orc:2    | Bought a potion of curing for 42 gold pieces
 26598 | Orc:2    | Bought a +2 cloak for 231 gold pieces
 26606 | Orc:2    | Bought a runed hat for 370 gold pieces
 27136 | Shoals:1 | Entered Level 1 of the Shoals
 27185 | Shoals:1 | Noticed Donald
 27565 | Orc:2    | Bought a +1 pair of boots of flying for 231 gold pieces
 27719 | Lair:2   | Killed Donald
 27719 | Lair:2   | Received a gift from Okawaru
 27720 | Lair:2   | Got a faintly humming cloak {god gift}
 27731 | Lair:2   | Identified the +0 cloak of Hiclineg {-Tele rPois Regen+} (Okawaru gifted it to you on level 2 of the Lair of Beasts)
 28063 | Shoals:1 | Noticed Iskender's ghost (adept MiWn)
 28121 | Shoals:1 | Slain by Iskender's ghost

Skill      XL: |  1  2  3  4  5  6  7  8  9 10 11 12 13 14 15 |
---------------+----------------------------------------------+-----
Shields        | 4 5 6 7 9 10 11 12 13 15 16 | 16.6
Armour         | 4 5 6 8 9 10 11 12 | 12.0
Fighting       | 4 5 6 7 9 10 11 12 | 12.9
Long Blades    | 3 |  3.9
Axes           | 2 3 4 5 |  5.1
Dodging        | 1 2 3 4 |  4.5
Throwing       | 1 2 3 |  3.4
Short Blades   | 4 |  4.8
Maces & Flails | 4 7 10 12 | 12.8
Stealth        | 1 |  1.5
Invocations    | 4 6 7 8 |  8.7
Slings         | 5 9 |  9.5

Action                   |  1- 3 |  4- 6 |  7- 9 | 10-12 | 13-15 || total
-------------------------+-------+-------+-------+-------+-------++-------
Melee: Long sword        |    19 |       |       |       |       ||    19
       Headbutt          |    19 |    47 |   106 |   158 |   234 ||   564
       Hand axe          |    84 |   305 |   156 |    35 |       ||   580
       Dagger            |       |       |   223 |       |       ||   223
       Morningstar       |       |       |   157 |   594 |   836 ||  1587
       Great sword       |       |       |       |       |    31 ||    31
       Hunting sling     |       |       |       |       |    22 ||    22
 Fire: Hunting sling     |       |       |       |       |   174 ||   174
Throw: Stone             |     3 |    14 |    19 |    41 |       ||    77
       Tomahawk          |       |       |       |    12 |     5 ||    17
Invok: Heroism           |       |       |       |     9 |    12 ||    21
       Finesse           |       |       |       |       |     1 ||     1
Evoke: Wand              |       |       |       |     2 |       ||     2
  Use: Scroll            |     5 |     5 |     7 |    10 |    11 ||    38
       Potion            |       |     1 |     8 |     5 |     8 ||    22
 Stab: Invisible         |       |       |       |     1 |       ||     1
  Eat: Meat ration       |     1 |       |     1 |       |       ||     2
       Chunk             |       |     5 |    28 |    34 |    31 ||    98
       Fruit             |       |       |       |       |    12 ||    12
Armor: Scale mail        |    43 |    31 |       |       |       ||    74
       Chain mail        |       |   140 |   225 |    90 |       ||   455
       Plate armour      |       |       |       |   200 |   426 ||   626
Dodge: Dodged            |    26 |    71 |   126 |   225 |   431 ||   879
Block: Shield            |    55 |   185 |   349 |   533 |   771 ||  1893
       Rpst.: Great sword |       |       |       |       |     4 ||     4
